Map: Odyssey LE

Players

Yata

  • Race: Zerg Zerg
  • League: Bronze
  • Spawn Location: 5:00

Chewfreedomf - Winner!

  • Race: Terran Terran
  • League: Silver
  • Spawn Location: 11:00

VOD

Have the link to the VOD?

Description

Time

  • Played on: July 7, 2017, 2:50 p.m.
  • Length: 5:33
Show
View Real Time Build Order
Export as new Build Order

Yata Zerg 

Build Orders: Hatch First 

Get SALT Encoding   

  12  0:01  Drone  
  13  0:15  Overlord  
  13  0:24  Drone  
  14  0:33  Drone  
  15  0:35  Drone  
  16  0:44  Drone  
  17  0:53  Hatchery  
  16  1:02  Drone  
  17  1:07  Drone  
  17  1:10  Extractor  
  17  1:19  Spawning Pool  
  17  1:21  Drone  
  17  1:32  Drone  
  18  1:38  Drone  
  19  1:49  Overlord  
  19  1:59  Drone  
  20  2:05  Queen  
  20  2:06  Queen  
  24  2:10  Metabolic Boost  
  24  2:13  Zergling x2  
  24  2:14  Zergling x2  
  26  2:20  Drone  
  27  2:28  Drone x2  
  29  2:33  Drone  
  30  2:39  Drone  
  31  3:00  Queen  
  31  3:03  Drone x3  
  31  3:04  Extractor  
  35  3:05  Overlord  
  35  3:06  Overlord  
  35  3:09  Drone  
  36  3:30  Zergling x12  
  36  3:31  Zergling x6  
  41  3:56  Zergling x2  
  41  3:57  Zergling x6  
  41  4:02  Queen  
  33  4:23  Drone x4  
  33  4:24  Drone x2  
  30  4:38  Queen  
  30  4:49  Zergling x2  
  30  4:50  Zergling x6  
  29  4:53  Zergling x2  
  27  5:05  Zergling x4  
  25  5:11  Zergling x2  
Show
View Real Time Build Order
Export as new Build Order

Chewfreedomf Terran - Winner!

Build Orders:  

Get SALT Encoding   

  12  0:01  SCV  
  13  0:13  SCV  
  14  0:19  Supply Depot  
  14  0:25  SCV  
  15  0:30  Refinery  
  15  0:40  SCV  
  16  0:45  Barracks  
  16  0:52  SCV  
  17  1:05  SCV  
  17  1:10  Barracks  
  18  1:17  SCV  
  19  1:23  Refinery  
  19  1:29  SCV  
  20  1:33  Reaper  
  20  1:39  Supply Depot  
  21  1:41  SCV  
  22  1:57  Reaper  
  22  2:00  Orbital Command  
  23  2:05  Supply Depot  
  23  2:06  Reaper  
  25  2:30  Reaper  
  25  2:38  Reaper  
  26  2:47  Barracks  
  26  2:54  SCV  
  26  2:55  Supply Depot  
  27  3:02  Reaper  
  28  3:06  Supply Depot, SCV  
  28  3:10  Reaper  
  30  3:18  SCV  
  31  3:29  Supply Depot  
  31  3:30  SCV  
  31  3:34  Reaper  
  33  3:42  Reaper  
  34  3:59  Reaper  
  35  4:06  Reaper  
  36  4:14  Reaper  
  36  4:38  Reaper  
  36  4:54  Reaper x2  
  38  5:09  SCV  
  39  5:16  Supply Depot x2  
  38  5:21  Command Center  
Tags
 
Matchup
TvZ
Replay Pack
Pack 1
Spawn Locations
Cross Positions
Add a new tag
Caveats
  • Supply blocks, unpowered buildings, or Contaminate may cause inaccurate times.
  • Supply counts are checked every 10 seconds.